 Dungeon Crawl Stone Soup version 0.31.0-11-ge490571c62 (webtiles) character file.

Game seed: 10900175213137654485

256 Ashen the Chopper (level 6, -4/56 HPs)
             Began as a Hill Orc Monk on Feb 4, 2024.
             Splashed by a jelly's acid (9 damage)
             ... on level 5 of the Dungeon.
             The game lasted 00:03:53 (3197 turns).

Ashen the Chopper (Hill Orc Monk)                   Turns: 3197, Time: 00:03:54

Health: -4/56      AC: -1    Str: 22    XL:     6   Next: 16%
Magic:  6/6        EV: 13    Int: 10    God:
Gold:   223        SH:  0    Dex: 13    Spells: 5/5 levels left

rFire   . . .        a - +0 hand axe
rCold   . . .        d - orb {light}
rNeg    . . .        b - +0 robe
rPois   .            (no helmet)
rElec   .            s - +1 cloak
rCorr   .            k - +1 pair of gloves
SInv    .            l - +0 pair of boots
Will    .....        (no amulet)
Stlth   +            t - +6 ring of strength
HPRegen 0.29/turn    (no ring)
MPRegen 0.10/turn

%: no passive effects
@: confused, ambrosia-drunk, corroded, glowing
A: no striking features
a: no special abilities


You were on level 5 of the Dungeon.
You visited 1 branch of the dungeon, and saw 5 of its levels.

You collected 223 gold pieces.

Inventory:

Hand Weapons
 a - a +0 hand axe (weapon)
Armour
 b - a +0 robe (worn)
 d - an orb of light (worn)
 k - a +1 pair of gloves (worn)
 l - a +0 pair of boots (worn)
 s - a +1 cloak (worn)
Jewellery
 t - a +6 ring of strength (left hand)
 z - an amulet of reflection
Wands
 u - a wand of flame (16)
Scrolls
 g - 2 scrolls of blinking {unknown}
 h - a scroll of poison {unknown}
 m - 2 scrolls of identify {unknown}
 n - a scroll of immolation {unknown}
 p - a scroll of torment {unknown}
 q - a scroll of fog {unknown}
 r - 2 scrolls of noise {unknown}
 w - a scroll of teleportation {unknown}
 x - a scroll of revelation {unknown}
 y - a scroll of brand weapon {unknown}
 A - a scroll of enchant weapon {unknown}
 C - a scroll of vulnerability {unknown}
Potions
 e - 6 potions of curing {unknown}
 f - a potion of brilliance {unknown}
 i - a potion of attraction {unknown}
 j - 3 potions of degeneration {unknown}
 o - a potion of enlightenment {unknown}
 v - a potion of haste {unknown}
 B - a potion of berserk rage {unknown}


   Skills:
 + Level 5.5 Fighting
 + Level 5.9 Axes
 + Level 3.7 Dodging


You had 5 spell levels left.
You didn't know any spells.
Your spell library contained the following spells:

 Spells                   Type           Power      Damage    Failure   Level
 Ensorcelled Hibernation  Hex/Ice        0%         N/A       50%         2
 Scorch                   Fire           0%         2d5       50%         2
 Fugue of the Fallen      Necr           0%         N/A       75%         3
 Anguish                  Hex/Necr       0%         N/A       98%         4
 Flame Wave               Conj/Fire      0%         2d4       98%         4
 Summon Cactus Giant      Summ           0%         N/A       100%        6


Dungeon Overview and Level Annotations

Branches:
Dungeon (5/15)
 Temple: D:4-7

Altars:
Elyvilon
Ru
Vehumet


Message History

You open the door.
There is an open door here.
C - a scroll labelled RAPEMISARR You now have 223 gold pieces (gained 14).
e - 6 viscous black potions (gained 1)
Found a radiant altar of Vehumet.
A jelly comes into view.
The jelly quivers.
Found a scroll labelled RAPEMISARR.
The jelly hits you. The acid corrodes you!
You are splashed with acid!
You hit the jelly.
Your hands burn!
The jelly is moderately wounded.
The jelly hits you but does no damage.
You completely miss the jelly.
The jelly is moderately wounded.
The jelly jiggles.
The jelly hits you. The acid corrodes you!
You are splashed with acid!
You hit the jelly but do no damage.
Your hands burn!
The jelly is moderately wounded.
The jelly barely misses you.
You are too injured to fight recklessly!
You are too injured to fight recklessly!
You are too injured to fight recklessly!
You are too injured to fight recklessly!
You hit the jelly.
Your hands burn!
The jelly is heavily wounded.
The jelly hits you.
You are splashed with acid!
* * * LOW HITPOINT WARNING * * *
You hit the jelly but do no damage.
Your hands burn!
* * * LOW HITPOINT WARNING * * *
The jelly is heavily wounded.
The jelly hits you.
* * * LOW HITPOINT WARNING * * *
You are splashed with acid!
* * * LOW HITPOINT WARNING * * *
You are confused.
You feel invigorated. The jelly hits you.
* * * LOW HITPOINT WARNING * * *
You are splashed with acid!
You die...

# ###.
.....#############
.................. . ..#
#.#........... .. #.#
#....#...#..# ..# #.#
###.###.## ...##.#
#..#..@#.
......#####...._.J..#
.............#...#......
......#.##..###.###....#
........##...#...# ...?#
......#.##......... ...#
...#..#.##...##...# ..#
...#.........+.... ..#
.. #.........# .


You could see a jelly.

Vanquished Creatures
  A howler monkey (D:4)
  A hound (D:4)
  A jelly (D:5)
  Robin (D:4)
  4 adders
  A ribbon worm (D:2)
  9 orcs
  3 bats
  5 endoplasms
  A giant cockroach (D:3)
  18 goblins
  7 hobgoblins
  9 jackals
  3 quokkas
  8 ball pythons
  4 frilled lizards
  9 kobolds
  5 rats
90 creatures vanquished.

Notes
Turn   | Place    | Note
-------+----------+-------------------------------------------
     0 | D:1      | Ashen the Hill Orc Monk began the quest for the Orb.
     0 | D:1      | Reached XP level 1. HP: 19/19 MP: 1/1
   288 | D:1      | Reached XP level 2. HP: 25/27 MP: 2/2
   768 | D:1      | Reached XP level 3. HP: 33/33 MP: 3/3
  1698 | D:2      | Found a faded altar of an unknown god.
  1825 | D:3      | Reached XP level 4. HP: 28/41 MP: 4/4
  1988 | D:3      | Reached skill level 5 in Axes
  2352 | D:3      | Found a sacrificial altar of Ru.
  2409 | D:4      | Noticed Robin
  2423 | D:4      | Killed Robin
  2424 | D:4      | Reached XP level 5. HP: 29/47 MP: 5/5
  2524 | D:4      | Reached skill level 5 in Fighting
  2789 | D:4      | Reached XP level 6. HP: 55/56 MP: 6/6
  2918 | D:4      | Found a white marble altar of Elyvilon.
  3046 | D:5      | Entered Level 5 of the Dungeon
  3178 | D:5      | Found a radiant altar of Vehumet.
  3196 | D:5      | HP: 2/56 [acid (8)]
  3197 | D:5      | Splashed by a jelly's acid

Illustrated notes

Levels and vault maps discovered:
D:1:      nicolae_arrival_escape_room, layout_basic
D:2:      layout_basic, shapermc_ecumenical_altar_starsandcircs
D:3:      layout_rooms, mainiacjoe_overflow_brackets, kennysheep_generic_room_13
D:4:      layout_rooms, kennysheep_mini_moat, kennysheep_small_spiral,
          uniq_robin
D:5:      layout_basic, lemuel_mausoleum_altar_yredelemnul, vehumet_crystals,
          minmay_temple_entry_proselytizer, minivault_27, minmay_misc_feat_iff,
          serial_library_regret_index_split_case

Skill      XL: |  1  2  3  4  5 |
---------------+----------------+-----
Fighting       | 4 5 |  5.5
Dodging        | 3 |  3.7
Axes           | 5 |  5.9

Action                     |  1- 3 |  4- 6 || total
---------------------------+-------+-------++-------
  Melee: Hand axe          |   118 |   127 ||   245
    Use: Potion            |       |     1 ||     1
 Armour: Robe              |    65 |    76 ||   141
  Dodge: Dodged            |    80 |    64 ||   144
